 Dungeon Crawl Stone Soup version 0.28-a0-1624-g820543e53a (webtiles) character file.

Game seed: 9344278450594639980

2597 timneilson the Covered (level 9, -3/55 HPs)
             Began as a Gargoyle Fighter on Jan 23, 2022.
             Slain by Prince Ribbit (8 damage)
             ... on level 6 of the Dungeon.
             The game lasted 00:13:35 (7593 turns).

timneilson the Covered (Gargoyle Fighter)           Turns: 7593, Time: 00:13:35

Health: -3/55      AC: 20    Str: 25    XL:     9   Next: 59%
Magic:  9/9        EV:  9    Int:  8    God:
Gold:   337        SH:  5    Dex:  9    Spells: 8/8 levels left

rFire   . . .      SeeInvis .   w - +2 long sword (holy)
rCold   . . .      Faith    .   c - +0 buckler
rNeg    + . .      Spirit   .   o - +0 chain mail
rPois   ∞          Reflect  .   j - +0 helmet
rElec   +          Harm     .   (no cloak)
rCorr   .          Rampage  .   (no gloves)
Will    .....                   s - +1 pair of boots
Stlth   ..........              (no amulet)
HPRegen 0.18/turn               m - ring of flight
MPRegen 0.11/turn               (no ring)

@: on berserk cooldown, flying, slowed, very slow
A: sickness immunity, AC +6, negative energy resistance 1, electricity
resistance, torment resistance 1, petrification resistance
a: no special abilities


You were on level 6 of the Dungeon.
You visited 1 branch of the dungeon, and saw 6 of its levels.
You also visited: Sewer.

You collected 337 gold pieces.

Inventory:

Hand Weapons
 a - a +1 long sword
 d - a +2 vorpal scimitar
 w - a +2 long sword of holy wrath (weapon)
Armour
 c - a +0 buckler (worn)
 j - a +0 helmet (worn)
 l - a +0 plate armour
 o - a +0 chain mail (worn)
 s - a +1 pair of boots (worn)
Jewellery
 m - a ring of flight (left hand)
Scrolls
 g - a scroll of teleportation
 h - a scroll of amnesia {unknown}
 p - a scroll of enchant weapon
 q - 2 scrolls of immolation
 t - a scroll of identify
 u - a scroll of summoning
 y - 2 scrolls of blinking
Potions
 b - a potion of magic {unknown}
 e - 4 potions of curing
 f - 4 potions of flight
 i - a potion of lignification {unknown}
 k - 2 potions of brilliance {unknown}
 n - a potion of haste {unknown}
 r - a potion of ambrosia {unknown}


   Skills:
 + Level 5.8 Fighting
 * Level 6.1 Long Blades
 * Level 7.8 Armour
 + Level 3.3 Dodging
 * Level 7.8 Shields


You had 8 spell levels left.
You didn't know any spells.
Your spell library contained the following spells:

 Spells                   Type           Power      Damage    Failure   Level
 Foxfire                  Conj/Fire      0%         2x1d4     97%         1
 Corpse Rot               Necr/Air       0%         N/A       99%         2
 Poisonous Vapours        Pois/Air       0%         N/A       99%         2
 Conjure Flame            Conj/Fire      0%         6-21      100%        3
 Ignite Poison            Fire/Tmut/Pois 0%         N/A       100%        3
 Inner Flame              Hex/Fire       0%         N/A       100%        3
 Flame Wave               Conj/Fire      0%         2d4       100%        4
 Sticky Flame             Conj/Fire      0%         2d3       100%        4
 Alistair's Intoxication  Tmut/Pois      0%         N/A       100%        5
 Borgnjor's Vile Clutch   Necr/Erth      0%         N/A       100%        5
 Fireball                 Conj/Fire      0%         3d3       100%        5
 Eringya's Noxious Bog    Tmut/Pois      0%         N/A       100%        6
 Starburst                Conj/Fire      0%         6d3       100%        6
 Ignition                 Fire           0%         3d3       100%        8


Dungeon Overview and Level Annotations

Branches:
Dungeon (6/15)              Sewer (visited)
 Temple: D:4-7

Altars:
Ashenzari
Xom

Annotations:
D:6 Prince Ribbit


Innate Abilities, Weirdness & Mutations

You are immune to sickness and miasma.
Your stone body is resilient. (AC +6)
You are immune to poison.
You resist negative energy. (rN+)
You are resistant to electric shocks. (rElec)
You are resistant to unholy torment.
You are immune to petrification.


Message History

Prince Ribbit winks and puckers his lips.
You block the orc's attack.
The orc priest hits you with a +0 flail.
You hit the orc priest.
You kill the orc priest!
You block the orc's attack.
Prince Ribbit sighs, "It's not easy being green!"
The orc completely misses you. Prince Ribbit closely misses you.
Unknown command.
You closely miss Prince Ribbit.
Prince Ribbit is heavily wounded.
Prince Ribbit hits you.
* * * LOW HITPOINT WARNING * * *
The orc hits you but does no damage. Prince Ribbit misses you.
The orc hits you but does no damage.
You barely miss the orc. Prince Ribbit closely misses you.
You block Prince Ribbit's attack. You block the orc's attack.
Unknown command.
You closely miss the orc.
Prince Ribbit hits you but does no damage.
The orc hits you but does no damage. Prince Ribbit hits you!
* * * LOW HITPOINT WARNING * * *
The orc barely misses you.
Prince Ribbit sighs, "It's not easy being green!"
Prince Ribbit blinks!
You hit the orc.
The orc is almost dead.
The orc barely misses you. You block the orc's attack.
Unknown command.
You hit the orc.
You kill the orc!
Prince Ribbit hits you but does no damage.
Prince Ribbit closely misses you.
Unknown command.
You miss Prince Ribbit.
Prince Ribbit is heavily wounded.
You block Prince Ribbit's attack.
Prince Ribbit lets out a mournful croak.
Prince Ribbit hits you!
You die...

'.......... .. #.#
#.......... #.##.#
#...(...... ..#.#
#.......... #.#.# # .
#.......... ####...##. .#
###...##### ......#.# ...
#...# ###..<#.# ..
###...#######.#.#)#.#.#.#
.)..............@)..)...#
#################F#.[##.#.
#.>.†.#... #.#<#F#.#
#.##....# #. #.##..#.# #
.. #.##..#... #.
#.....#.#... ###...^.##.#


You could see Prince Ribbit.

Vanquished Creatures
  Maggie (D:6)
  2 ice beasts (D:5)
  A black bear (D:6)
  A necrophage (D:6)
  5 ogres
  A centaur (D:6)
  2 kobold brigands
  3 scorpions
  A water moccasin zombie (D:6)
  A water moccasin skeleton (D:6)
  A crimson imp (D:5)
  4 bullfrog zombies
  2 jellies
  3 hounds
  2 gnoll shamans
  An orc priest (D:6)
  6 iguanas
  Terence (D:2)
  Natasha (thrice) (D:4)
  Robin (D:2)
  11 gnolls
  4 adders
  5 river rats
  A shadow imp (D:5)
  3 white imps
  7 worms
  A dart slug (D:2)
  6 orcs
  5 ball pythons
  3 bats
  10 endoplasms
  6 giant cockroaches
  17 goblins
  14 hobgoblins
  21 jackals
  11 kobolds
  8 quokkas
  3 frilled lizards
  A quokka skeleton (D:4)
  13 rats
192 creatures vanquished.

Notes
Turn   | Place    | Note
-------+----------+-------------------------------------------
     0 | D:1      | timneilson the Gargoyle Fighter began the quest for the
                  | Orb.
     0 | D:1      | Reached XP level 1. HP: 14/14 MP: 1/1
   251 | D:1      | You fall into a shaft and drop 1 floor!
   382 | D:1      | Reached XP level 2. HP: 19/19 MP: 2/2
   525 | D:1      | Found a faded altar of an unknown god.
  1141 | D:2      | Noticed Robin
  1562 | D:1      | Reached XP level 3. HP: 20/23 MP: 3/3
  1943 | D:2      | Killed Robin
  2163 | D:2      | Reached XP level 4. HP: 29/29 MP: 4/4
  2285 | D:2      | Noticed a scorpion
  2296 | D:2      | Killed a scorpion
  2297 | D:2      | Reached skill level 1 in Dodging
  2297 | D:2      | Reached XP level 5. HP: 29/33 MP: 5/5
  2799 | D:2      | Found a shimmering altar of Xom.
  2954 | D:2      | Noticed Terence
  2961 | D:2      | Killed Terence
  3781 | D:3      | Reached XP level 6. HP: 31/38 MP: 6/6
  3849 | D:3      | Found a glowing drain.
  3853 | Sewer    | Entered a sewer
  4156 | Sewer    | Found a white marble altar of Elyvilon.
  4520 | D:3      | Found a broken altar of Ashenzari.
  4743 | D:4      | Reached skill level 5 in Armour
  4743 | D:4      | Reached skill level 5 in Shields
  4784 | D:4      | Noticed Natasha
  4789 | D:4      | Killed Natasha
  4790 | D:4      | Reached XP level 7. HP: 43/43 MP: 7/7
  4829 | D:4      | Noticed Natasha
  4834 | D:4      | Killed Natasha
  5022 | D:4      | Noticed Natasha
  5028 | D:4      | Killed Natasha
  5720 | D:5      | Entered Level 5 of the Dungeon
  5931 | D:5      | Reached XP level 8. HP: 48/48 MP: 8/8
  6596 | D:5      | Reached skill level 5 in Fighting
  6811 | D:5      | Reached skill level 5 in Long Blades
  7062 | D:6      | Reached XP level 9. HP: 54/54 MP: 9/9
  7413 | D:6      | Noticed a boulder beetle
  7425 | D:6      | HP: 1/54 [boulder beetle (4)]
  7536 | D:6      | Noticed Prince Ribbit
  7543 | D:6      | Noticed Maggie
  7561 | D:6      | Killed Maggie
  7593 | D:6      | Slain by Prince Ribbit

Illustrated notes

Levels and vault maps discovered:
D:1:      lightli_arrival_chessboard, layout_basic,
          shapermc_ecumenical_altar_hornbeckon, minmay_misc_feat_chi,
          patterned_corridor
D:2:      minmay_thinvault, layout_basic, basic_altar, grunt_ministairs_14,
          uniq_robin, uniq_terence
D:3:      layout_loops_ring, lemuel_tele_altar, gup_sewer_entry_spiral
D:4:      layout_loops_cross, corexii_corridor_pit, uniq_natasha
D:5:      layout_loops_ring, minmay_fire_ice_demons
D:6:      wad_guarded_room, layout_basic,
          nicolae_concentric_dashed_squares_mild, minmay_diced_spiral,
          uniq_prince_ribbit1, uniq_maggie

Skill      XL: |  1  2  3  4  5  6  7  8  9 |
---------------+----------------------------+-----
Long Blades    | 2 3 4 5 6 |  6.1
Shields        | 4 5 7 |  7.8
Armour         | 4 5 6 7 |  7.8
Dodging        | 1 2 3 |  3.3
Fighting       | 4 5 |  5.8

Action                   |  1- 3 |  4- 6 |  7- 9 || total
-------------------------+-------+-------+-------++-------
Melee: Long sword        |   101 |   285 |   361 ||   747
  Use: Scroll            |     1 |     5 |     7 ||    13
       Potion            |       |     2 |     6 ||     8
Armor: Scale mail        |    61 |    45 |       ||   106
       Chain mail        |       |   144 |   271 ||   415
Dodge: Dodged            |    57 |   108 |   212 ||   377
Block: Buckler           |    23 |    67 |   113 ||   203

Table legend: (Time is in decaauts)
 A = Elapsed time spent in this place.
 B = Non-inter-level travel time spent in this place.
 C = Inter-level travel time spent in this place.
 D = Time resting spent in this place.
 E = Time spent auto-exploring this place.
 F = Levels seen in this place.
 G = Mean time per level.
                   A        B        C        D        E       F      G
               +--------+--------+--------+--------+--------+-----+--------+
         Total |   7901 |   7769 |    132 |    956 |   4565 |   7 | 1128.7 |
       Dungeon |   7413 |   7281 |    132 |    956 |   4224 |   6 | 1235.5 |
         Sewer |    487 |    487 |      0 |      0 |    341 |   1 |  487.0 |
               +--------+--------+--------+--------+--------+-----+--------+

Top non-repeatable levels by time:
     D:1: 1946 daAuts
     D:2: 1611 daAuts
     D:5: 1280 daAuts
     D:4: 1082 daAuts
     D:3: 857 daAuts
     D:6: 635 daAuts
   Sewer: 487 daAuts
